 Dungeon Crawl Stone Soup version 0.22-a0-567-gff9aefc (webtiles) character file.

49 galech the Skirmisher (level 3, 0/40 HPs)
             Began as an Ogre Berserker on June 29, 2018.
             Was a Follower of Trog.
             Succumbed to an adder's poison
             ... on level 2 of the Dungeon.
             The game lasted 00:01:19 (900 turns).

galech the Skirmisher (Ogre Berserker)               Turns: 900, Time: 00:01:20

Health: 0/40       AC:  3    Str: 22    XL:     3   Next: 77%
Magic:  3/3        EV: 10    Int:  8    God:    Trog [*.....]
Gold:   56         SH:  0    Dex:  8    Spells: 2/2 levels left

rFire    . . .     SeeInvis .   a - +0 mace
rCold    . . .     Gourm    .   (no shield)
rNeg     . . .     Faith    .   b - +0 animal skin
rPois    .         Spirit   .   (helmet restricted)
rElec    .         Reflect  .   (no cloak)
rCorr    .         Harm     .   (gloves unavailable)
MR       .....                  (boots unavailable)
Stlth    +.........             (no amulet)
HPRegen  0.13/turn              (no ring)
MPRegen  0.08/turn              (no ring)

@: lethally poisoned (0 -> -4), berserk cooldown, hasted and slowed
A: large, unfitting armour, tough skin 1
a: Berserk, Renounce Religion


You were on level 2 of the Dungeon.
You worshipped Trog.
Trog was aware of your devotion.
You were hungry.

You visited 1 branch of the dungeon, and saw 2 of its levels.

You collected 56 gold pieces.

Inventory:

Hand Weapons
 a - a +0 mace (weapon)
Armour
 b - a +0 animal skin (worn)
Jewellery
 d - an uncursed ring of see invisible {unknown}
Scrolls
 e - a scroll of identify {unknown}
 g - a scroll of noise {unknown}
 h - a scroll of remove curse {unknown}
Comestibles
 c - 2 rations


   Skills:
 + Level 4.7 Fighting
 + Level 3.4 Maces & Flails
 + Level 3.1 Dodging


You had 2 spell levels left.
You didn't know any spells.
Your spell library was empty.

Dungeon Overview and Level Annotations

Branches:
Dungeon (2/15)

Altars:
Okawaru
Ru
Vehumet
Wu Jian


Innate Abilities, Weirdness & Mutations

You are too large for most types of armour.
You have tough skin. (AC +1)


Message History

Okay, then.
It was a potion of haste.
You feel yourself speed up.
* * * LOW HITPOINT WARNING * * *
You feel sick.
* * * LOW HITPOINT WARNING * * *
You feel sick.
* * * LOW HITPOINT WARNING * * *
You feel sick.
* * * LOW HITPOINT WARNING * * *
You feel sick.
* * * LOW HITPOINT WARNING * * *
You feel sick.
You sock the rat!
You kill the rat!
Trog accepts your kill.
* * * LOW HITPOINT WARNING * * *
You feel sick.
* * * LOW HITPOINT WARNING * * *
You feel sick.
You die...

###. ... .#.. ...
..##.._
###.####.....
#.....##...# #
.......#... .#
.......#.####+#.#
..._...r.#......#
.......#......####
.......#.....###@#
#.....##.....#⌠._##
###.####..##.'...8#
....).....####%._##
##........# ###.#
##.....### ###
#.....########
#.....'......#
#.....######.#


There were no monsters in sight!

Vanquished Creatures
  2 adders (D:2)
  An ooze (D:1)
  2 leopard geckos (D:1)
  A ball python (D:1)
  2 giant cockroaches (D:1)
  6 goblins (D:1)
  A hobgoblin (D:1)
  A bat (D:1)
  2 frilled lizards
  5 kobolds
  3 rats
26 creatures vanquished.

Notes
Turn   | Place    | Note
-------+----------+-------------------------------------------
     0 | D:1      | galech the Ogre Berserker began the quest for the Orb.
     0 | D:1      | Reached XP level 1. HP: 24/24 MP: 1/1
   140 | D:1      | Reached XP level 2. HP: 24/32 MP: 2/2
   453 | D:1      | Reached XP level 3. HP: 33/40 MP: 3/3
   854 | D:2      | Found an ornate altar of the Wu Jian Council.
   860 | D:2      | Found an iron altar of Okawaru.
   868 | D:2      | Found a radiant altar of Vehumet.
   868 | D:2      | Found a sacrificial altar of Ru.
   895 | D:2      | HP: 2/40 [poisoned by an adder]
   900 | D:2      | Succumbed to an adder's poison

Vault maps used:
D:1:      dpeg_arrival_connections
D:2:      overflow_temple_1_default, old_standard_altar,
          gammafunk_temple_overflow_statue, xom_teletrap_fun,
          kennysheep_flooded_box

Skill      XL: |  1  2 |
---------------+-------+-----
Maces & Flails | 3 |  3.4
Dodging        | 3 |  3.1
Fighting       | |  4.7

Action                   || total
-------------------------++-------
Melee: Mace              ||    81
Invok: Berserk           ||     2
  Use: Potion            ||     1
  Eat: Chunk             ||     1
Armor: Animal skin       ||    28
Dodge: Dodged            ||    57

Table legend:
 A = Spawn XP
 B = Non-spawn XP
 C = Spawn XP percentage of total XP
 D = Spawn monster count
 E = Non-spawn monster count
 F = Spawn count percentage of total count
 G = Total turns spent on level
                    A         B        C        D         E        F      G
               +---------+---------+-------+---------+---------+-------+---------
         Total |       0 |      71 |   0.0 |       0 |      26 |   0.0 |   900
               +---------+---------+-------+---------+---------+-------+---------
           D:1 |       0 |      38 |   0.0 |       0 |      19 |   0.0 |   773
           D:2 |       0 |      33 |   0.0 |       0 |       7 |   0.0 |   127
               +---------+---------+-------+---------+---------+-------+---------
